cohdb
Replays
Latest Replays
All Replays
Popular Replays
Top Player Replays
Match Explorer
How It Works
Community
CoH3 Stats
Reddit
Sign in to upload your games and track your stats! →
Sign in with Steam
Match 46340674
Unlisted
Match 46340674
Overview
Messages
Build Orders
End
Kradschützen Motorcycle Team
Selects Panzerjäger Kommand Battlegroup
Panzergrenadier Squad
Panzergrenadier Squad
Panzergrenadier Squad
Construct Light Support Kompanie
Fire Support Elements
Panzerjäger Mechanized Group
Selects Tank Busters
Selects Mine Fields
Flakvierling Half-track
MG34 Team
Vehicle Survival Package
Pak 38 Mechanized Group
Construct Panzerarmee Kommand
Selects Defensive Positions
Selects Butterfly Bomb Drop
Butterfly Bomb Drop
Walking Stuka Rocket Launcher
Butterfly Bomb Drop
Panzer III L Medium Tank
Armored Reserves
Panzerjäger Mechanized Group
Butterfly Bomb Drop
Emergency Repair Kits
fenerx
Demi
Esxile
4-in-1 Petrol lawnmower
0
0
Comments
sign in to comment!
No comments posted yet!